 Dungeon Sprint DCSS version 0.31-a0-408-gb642c7f9a3 (webtiles) character file.

Game seed: 544524133356632611

3 shakesphere1979 the Chiller (level 1, -1/14 HPs)
             Began as a Draconian Ice Elementalist on July 29, 2023.
             Slain by a scorpion (6 damage)
             ... in the Dungeon (Sprint III: "The Ten Rune Challenge").
             The game lasted 00:01:50 (125 turns).

shakesphere1979 the Chiller (DrIE)                   Turns: 125, Time: 00:01:50

Health: -1/14      AC:  4    Str: 10    XL:     1   Next: 41%
Magic:  3/3        EV: 12    Int: 15    God:
Gold:   14         SH:  0    Dex: 11    Spells: 3/4 levels left

rFire   . . .        (no weapon)
rCold   . . .        (no shield)
rNeg    . . .        (body armour unavailable)
rPois   .            (helmet restricted)
rElec   .            (no cloak)
rCorr   .            (no gloves)
SInv    .            (no boots)
Will    .....        (no amulet)
Stlth   ++           (no ring)
HPRegen 0.22/turn    (no ring)
MPRegen 0.08/turn

%: no teleportation
@: no status effects
A: AC +4, unfitting armour, cold-blooded
a: no special abilities


You were in the Dungeon.
You visited 1 branch You collected 14 gold pieces.

Inventory:

Scrolls
 f - a scroll of blinking
Potions
 a - 2 potions of magic
 c - a potion of heal wounds
 d - a potion of haste
 e - a potion of berserk rage


   Skills:
 + Level 1.9 Dodging
 + Level 1.8 Stealth
 + Level 2.1 Spellcasting
 + Level 4.8 Ice Magic


You had 3 spell levels left.
You knew the following spells:

 Your Spells              Type           Power      Damage    Failure   Level
a - Freeze                Ice            64%        1d7       3%          1

Your spell library contained the following spells:

 Spells                   Type           Power      Damage    Failure   Level
 Frozen Ramparts          Ice            32%        1d5       9%          3
 Ozocubu's Armour         Ice            16%        N/A       9%          3
 Summon Ice Beast         Ice/Summ       8%         N/A       63%         4


Dungeon Overview and Level Annotations

Branches:
Dungeon (1/1)

Altars:


Innate Abilities, Weirdness & Mutations

Your plain brown scales are hard. (AC +4)
You cannot fit into any form of body armour.
You are cold-blooded and may be slowed by cold attacks.


Message History

Press: ? - help, Shift-Dir - straight line, f - rat
Aim: a rat (asleep)
You freeze the rat.
You kill the rat!
You now have 14 gold pieces (gained 8).
You open the door.
There is an open door here.
A scorpion comes into view.
There is an open door here.
The scorpion stings you.
You are poisoned.
The scorpion poisons you!
Casting: Freeze (safe; 3% risk of failure)
Confirm with . or Enter, or press ? or * to list all spells.
Aiming: Freeze (safe; 3% risk of failure)
Press: ? - help, Shift-Dir - straight line, f - scorpion
Aim: a scorpion You freeze the scorpion.
The scorpion is lightly wounded.
You feel sick. The scorpion barely misses you.
Casting: Freeze (safe; 3% risk of failure)
Confirm with . or Enter, or press ? or * to list all spells.
Aiming: Freeze (safe; 3% risk of failure)
Press: ? - help, Shift-Dir - straight line, f/p - scorpion
Aim: a scorpion (lightly wounded)
You freeze the scorpion.
The scorpion is moderately wounded.
You feel sick. The scorpion closely misses you.
Casting: Freeze (safe; 3% risk of failure)
Confirm with . or Enter, or press ? or * to list all spells.
Aiming: Freeze (safe; 3% risk of failure)
Press: ? - help, Shift-Dir - straight line, f/p - scorpion
Aim: a scorpion (moderately wounded)
You freeze the scorpion!
The scorpion is severely wounded.
You feel sick. The scorpion stings you.
* * * LOW HITPOINT WARNING * * *
You feel better. The scorpion stings you. Magic courses through your body.
The scorpion stings you.
You die...

▓▓▓▓ ▓<.# ▓..#
#.....♣♣
▓#'####....♣.
▓.....#....~♣♣
▓.....#...~~.♣
▓....†#..~~~~♣.
▓####'#..~≈≈~~~
▓...@.#s~~≈~~~.
▓..s..#.~≈~~~..
▓.....#.~~~....
▓'#####........
▓..............
▓▓▓▓▓▓▓▓▓▓▓▓▓▓▓


You could see a scorpion.

Vanquished Creatures
  An endoplasm (D)
  3 rats (D)
4 creatures vanquished.

Notes
Turn   | Place    | Note
-------+----------+-------------------------------------------
     0 | D        | shakesphere1979 the Draconian Ice Elementalist began the
                  | quest for the Orb.
     0 | D        | Reached XP level 1. HP: 14/14 MP: 3/3
   106 | D        | Noticed a scorpion
   125 | D        | Slain by a scorpion

Illustrated notes

Levels and vault maps discovered:
D:        dungeon_sprint_mu [sprint_mu_entry_forest, sprint_mu_temple_rooms,
          sprint_mu_d1_horrors, sprint_mu_d2_genie, sprint_mu_d3_branching,
          sprint_mu_orc_legion, sprint_mu_elf_gauntlet, sprint_mu_hive_nellie,
          sprint_mu_lair_fedhas, sprint_mu_vaults_butterflies,
          sprint_mu_slime_circle, sprint_mu_swamp_cave, sprint_mu_snake_twists,
          sprint_mu_blade_basic, sprint_mu_crypt_chambers,
          sprint_mu_tomb_spiral, sprint_mu_vestibule_basic,
          sprint_mu_gehenna_hellfire, sprint_mu_dis_giant,
          sprint_mu_tartarus_statrot, sprint_mu_cocytus_islands, sprint_mu_zot1]

Action                     || total
---------------------------++-------
   Cast: Freeze            ||     8
    Use: Potion            ||     2
  Dodge: Dodged            ||     5

Table legend: (Time is in decaauts)
 A = Elapsed time spent in this place.
 B = Non-inter-level travel time spent in this place.
 C = Inter-level travel time spent in this place.
 D = Time resting spent in this place.
 E = Time spent auto-exploring this place.
 F = Levels seen in this place.
 G = Mean time per level.
                   A        B        C        D        E       F      G
               +--------+--------+--------+--------+--------+-----+--------+
         Total |    125 |    125 |      0 |      0 |      0 |   1 |  125.0 |
       Dungeon |    125 |    125 |      0 |      0 |      0 |   1 |  125.0 |
               +--------+--------+--------+--------+--------+-----+--------+

Top non-repeatable levels by time:
       D: 125 daAuts
